 Dungeon Crawl Stone Soup version 0.23.0 (webtiles) character file.

Game seed: 6732176710218501728

8688 PentaManta the Spear-Bearer (level 11, 0/89 HPs)
             Began as a Merfolk Chaos Knight on Feb 17, 2019.
             Was a Plaything of Xom.
             Slain by a vampire mosquito (7 damage)
             ... on level 9 of the Dungeon.
             The game lasted 01:11:20 (9173 turns).

PentaManta the Spear-Bearer (Merfolk Chaos Knight)  Turns: 9173, Time: 01:11:20

Health: 0/89       AC:  6    Str: 17    XL:     11   Next: 34%
Magic:  13/13      EV: 19    Int:  8    God:    Xom [..*...]
Gold:   516        SH:  0    Dex: 18    Spells: 10/10 levels left

rFire    . . .     SeeInvis .   K - +1 trident (vamp)
rCold    . . .     Gourm    .   (no shield)
rNeg     + . .     Faith    .   (no armour)
rPois    +         Spirit   .   Q - +0 helmet
rElec    .         Reflect  .   (no cloak)
rCorr    .         Harm     .   o - +0 pair of gloves
MR       .....     Clarity  +   (no boots)
Stlth    +++.......             (no amulet)
HPRegen  0.64/turn              i - ring of poison resistance
MPRegen  0.13/turn              p - ring of positive energy

@: studying Shields
A: change form in water, swift swim, stealthy swim, thin metallic scales 1,
yellow scales 1, agile 2, clarity, dopey 2, high mp 2, poison resistance,
regeneration 1, strong 1, evolution 1, MP-powered wands, sturdy frame 1
a: Renounce Religion


You were on level 9 of the Dungeon.
You worshipped Xom.
You were a toy of Xom.
You were not hungry.

You visited 2 branches of the dungeon, and saw 10 of its levels.
You also visited: Sewer and Bailey.

You collected 516 gold pieces.

Inventory:

Hand Weapons
 x - a +0 bardiche of protection
 C - the +8 war axe of the Everdark {flame, rPois rF+ rC++}
   (You found it in a sewer)

   It has been specially enchanted to burn those struck by it, causing extra
   injury to most foes and up to half again as much damage against particularly
   susceptible opponents.
   Big, fiery blades are also staple armaments of hydra-hunters.
   It protects you from fire.
   It greatly protects you from cold.
   It protects you from poison.
 K - a +1 vampiric trident (weapon)
Missiles
 b - 9 javelins of returning (quivered)
Armour
 m - a +0 robe of cold resistance
 o - a +0 pair of gloves (worn)
 t - a +0 shield
 E - the +8 chain mail "Cemegoja" {rPois rC+ rN+ Regen+}
   (You took it off an orc priest on level 7 of the Dungeon)

   It protects you from cold.
   It protects you from poison.
   It protects you from negative energy.
   It increases your rate of regeneration.
 Q - a +0 helmet (worn)
Jewellery
 i - a ring of poison resistance (left hand)
 p - a ring of positive energy (right hand)
 v - an uncursed ring of fire
Wands
 a - a wand of paralysis (12)
 j - a wand of polymorph (6)
 q - a wand of random effects (31)
 F - a wand of digging (6)
Scrolls
 d - 3 scrolls of amnesia
 e - 8 scrolls of remove curse
 l - 2 scrolls of enchant weapon
 r - 4 scrolls of teleportation
 s - a scroll of acquirement {unknown}
 G - a scroll of enchant armour
 H - a scroll of random uselessness {unknown}
 I - a scroll of immolation {unknown}
 M - 2 scrolls of identify
 N - a scroll of fog
Potions
 f - 3 potions of brilliance
 g - 6 potions of flight
 h - 2 potions of curing
 k - 2 potions of cancellation
 u - a potion of might
 w - a potion of ambrosia {unknown}
 z - a potion of resistance {unknown}
 A - a potion of berserk rage
 B - a potion of agility {unknown}
 L - a potion of degeneration {unknown}
 P - 3 potions of magic {unknown}
Books
 n - a manual of Shields
Comestibles
 c - 10 rations


   Skills:
 + Level 9.2 Fighting
 - Level 14.4 Polearms
 - Level 0.6 Armour
 + Level 8.7 Dodging
 - Level 4.0 Stealth
 * Level 9.4 Shields


You had 10 spell levels left.
You didn't know any spells.
Your spell library contained the following spells:

 Spells                   Type           Power        Failure   Level  Hunger
 Corpse Rot               Necr           N/A          54%         2    ###....
 Stone Arrow              Conj/Erth      #.....       78%         3    ####...
 Leda's Liquefaction      Hex/Erth       #.........   99%         4    #####..
 Summon Forest            Summ/Tloc      #.........   100%        5    ######.
 Hydra Form               Tmut           #.........   100%        6    #######
 Summon Hydra             Summ           #.........   100%        7    #######


Dungeon Overview and Level Annotations

Branches:
Dungeon (9/15)             Temple (1/1) D:7
   Lair: D:8-11         Orc: D:9-12

Altars:
Ashenzari
Cheibriados
Dithmenos
Elyvilon
Fedhas
Gozag
Hepliaklqana
Kikubaaqudgha
Makhleb
Nemelex Xobeh
Okawaru
Qazlal
Ru
Sif Muna
Trog
Uskayaw
Vehumet
Wu Jian
Xom
Yredelemnul
Zin
The Shining One

Shops:
D:4 }%


Innate Abilities, Weirdness & Mutations

You revert to your normal form in water You are very nimble and swift while swimming.
You are very stealthy in the water. (Stealth+)
You are partially covered in thin metallic scales. (AC +2)
You are partially covered in yellow scales. (AC +2)
You are very agile. (Dex +4)
You possess an exceptional clarity of mind.
You are very dopey. (Int -4)
You have a considerably increased reservoir of magic. (+20% MP)
Your system is resistant to poisons. (rPois)
Your natural rate of healing is unusually fast.
Your muscles are strong. (Str +2)
You evolve.
You expend magic power (3 MP) to strengthen your wands.
Your movements are slightly less encumbered by armour. (ER -2)


Message History

The vampire mosquito bites you!
* * * LOW HITPOINT WARNING * * *
The vampire mosquito draws strength from your injuries!
You feel better. The vampire mosquito bites you!
* * * LOW HITPOINT WARNING * * *
The vampire mosquito draws strength from your injuries!
The vampire mosquito bites you but does no damage.
Your jackal barely misses the vampire mosquito.
You puncture the vampire mosquito!
The vampire mosquito is heavily damaged.
Your jackal dissolves into shadows!
The vampire mosquito misses you.
You miss the vampire mosquito.
The vampire mosquito is heavily damaged.
The vampire mosquito completely misses you.
You hit the vampire mosquito.
The vampire mosquito is heavily damaged.
The vampire mosquito bites you!
You die...
Xom roars with laughter!

.............<.............
.####>.####.............##
#..# #......<>.....## #..#
#.............##
.####..####.......).....##
...........................
..........yy.h.............
.#####.###y############..##
#.#s#@# # #..# #.#.8.#.#
#..# #.#.#.#.# #####.h##
#.#.#.8.# 5.........
#.#.#.# .......... #.8.#.#
###..##### #.#.#.# #.. #
#.#.8.# #.. # # #∩#.# #. #


You could see 3 vampire mosquitoes.

Vanquished Creatures
  2 dancing weapons (D:9)
  A two-headed ogre (D:9)
  A cyclops (D:7)
  A troll (D:9)
  Grinder (D:3)
  Prince Ribbit (D:8)
  The ghost of Skull the Cudgeler, an amateur GrBe of Trog (D:5)
  Sigmund (D:4)
  Purgy (Sewer)
  Duvessa (D:5)
  15 orc warriors
  3 ice beasts
  4 ogres
  2 phantoms
  2 sky beasts
  3 wolves
  13 centaurs
  4 big kobolds
  2 bullfrogs
  Dowan (D:5)
  4 crimson imps
  A bullfrog zombie (D:9)
  A centaur zombie (D:5)
  4 hounds
  3 jellies
  2 orc wizards
  A bullfrog skeleton (D:4)
  2 iguanas
  2 orc priests
  Terence (D:2)
  8 worker ants
  Natasha (thrice) (D:3)
  A hound zombie (D:6)
  Robin (D:4)
  5 gnolls
  A howler monkey skeleton (D:5)
  10 adders
  A river rat (D:6)
  2 shadow imps
  2 oozes
  An adder zombie (D:1)
  4 worms
  A dart slug (D:2)
  4 leopard geckos
  48 orcs
  3 ball pythons
  5 giant cockroaches
  13 hobgoblins
  A jackal (shapeshifter) (D:3)
  8 jackals
  4 quokkas
  6 bats
  5 frilled lizards
  12 goblins
  13 kobolds
  A leopard gecko zombie (D:1)
  8 rats
252 creatures vanquished.

Vanquished Creatures (collateral kills)
  A water moccasin skeleton (D:7)
  A ball python (Sewer)
  A hobgoblin (D:1)
3 creatures vanquished.

Vanquished Creatures (others)
  A worker ant (D:7)
1 creature vanquished.

Grand Total: 256 creatures vanquished

Notes
Turn   | Place    | Note
-------+----------+-------------------------------------------
     0 | D:1      | PentaManta the Merfolk Chaos Knight began the quest for the
                  | Orb.
     0 | D:1      | Reached XP level 1. HP: 18/18 MP: 1/1
   115 | D:1      | Reached XP level 2. HP: 24/24 MP: 2/2
   507 | D:1      | Reached skill level 5 in Polearms
   515 | D:1      | Reached skill level 1 in Stealth
   515 | D:1      | Reached XP level 3. HP: 24/30 MP: 3/3
   674 | D:1      | XOM: silly message
   827 | D:2      | XOM: noise
   986 | D:2      | Noticed Terence
   987 | D:2      | XOM: mild Erth miscast
   994 | D:2      | XOM: scenery: create altars
  1005 | D:2      | Killed Terence
  1005 | D:2      | Reached XP level 4. HP: 32/37 MP: 4/4
  1437 | D:2      | XOM: 1-stop teleportation journey
  1439 | D:2      | Found an ornate altar of the Wu Jian Council.
  1517 | D:2      | XOM: cloud trail
  1673 | D:2      | XOM: god gift: 22 sling bullets
  1981 | D:3      | Noticed Natasha
  1986 | D:3      | Killed Natasha
  1986 | D:3      | Reached XP level 5. HP: 37/41 MP: 5/5
  2001 | D:3      | Reached skill level 6 in Polearms
  2115 | D:3      | XOM: polymorph orc -> frilled lizard
  2121 | D:3      | Noticed a shapeshifter
  2121 | D:3      | an orc priest changed into a shapeshifter
  2121 | D:3      | XOM: divination: magic mapping
  2121 | D:3      | Noticed a rime drake
  2121 | D:3      | a shapeshifter changed into a rime drake
  2250 | D:4      | Noticed Sigmund
  2261 | D:4      | Killed Sigmund
  2261 | D:4      | Reached skill level 5 in Fighting
  2261 | D:4      | Reached XP level 6. HP: 39/49 MP: 6/6
  2305 | D:4      | Noticed Robin
  2321 | D:4      | Killed Robin
  2352 | D:4      | Reached skill level 7 in Polearms
  2659 | D:4      | XOM: summons friendly ufetubus
  2673 | D:4      | Reached XP level 7. HP: 50/54 MP: 7/7
  2734 | D:3      | Noticed a wyvern
  2919 | D:3      | XOM: 3-stop teleportation journey
  2973 | D:3      | Noticed Grinder
  3035 | D:3      | Killed Grinder
  3035 | D:3      | Reached skill level 8 in Polearms
  3081 | D:3      | Noticed Natasha
  3081 | D:3      | XOM: polymorph bat -> hound
  3088 | D:3      | Killed Natasha
  3101 | D:3      | Reached skill level 5 in Dodging
  3215 | D:3      | Noticed Natasha
  3219 | D:3      | XOM: cast spell 'Necromutation'
  3224 | D:3      | Killed Natasha
  3402 | D:4      | XOM: medium Erth miscast
  3439 | D:4      | XOM: blink monster(s)
  3459 | D:4      | Found Jeckemop's Gadget Shoppe.
  3480 | D:4      | Found Lopuwaan's Food Emporium.
  3693 | D:4      | XOM: medium Tloc miscast
  3727 | D:4      | XOM: mild Chrm miscast
  3899 | D:5      | Entered Level 5 of the Dungeon
  4242 | D:5      | Found a runed translucent door.
  4246 | D:5      | Noticed Skull's ghost (amateur GrBe)
  4312 | D:5      | Reached XP level 8. HP: 63/63 MP: 8/8
  4313 | D:5      | Noticed Duvessa
  4319 | D:5      | Noticed Dowan
  4321 | D:5      | XOM: confuse monster(s)
  4322 | D:5      | XOM: enchant monster (bad)
  4327 | D:5      | Killed Dowan
  4327 | D:5      | XOM: give mutations
  4327 | D:5      | Gained mutation: Armour fits poorly on your strangely
                  | shaped body. [Xom's mischief]
  4327 | D:5      | Gained mutation: You are dopey. (Int -2) [Xom's mischief]
  4327 | D:5      | Lost mutation: Armour fits poorly on your strangely shaped
                  | body. [Xom's mischief]
  4327 | D:5      | Gained mutation: Scrolls take you a little longer to read.
                  | [Xom's mischief]
  4371 | D:5      | Killed Duvessa
  4371 | D:5      | Reached skill level 9 in Polearms
  4459 | D:5      | XOM: 4-stop teleportation journey
  4467 | D:5      | XOM: polymorph ogre -> wolf
  4475 | D:5      | Reached skill level 1 in Shields
  4621 | D:5      | XOM: give mutations
  4621 | D:5      | Gained mutation: Your movements are slightly less
                  | encumbered by armour. (ER -2) [Xom's mischief]
  4645 | D:5      | XOM: scenery: 1 doors close
  4654 | D:5      | XOM: divine lightning
  4665 | D:5      | Killed Skull's ghost
  4752 | D:5      | XOM: 3-stop teleportation journey
  4860 | D:5      | XOM: give mutations
  4860 | D:5      | Gained mutation: You expend magic power (3 MP) to
                  | strengthen your wands. [Xom's grace]
  4860 | D:5      | Gained mutation: Your natural rate of healing is unusually
                  | fast. [Xom's grace]
  5142 | D:6      | XOM: scenery: create altars
  5224 | D:6      | You fall through a shaft for 2 floors!
  5267 | D:8      | XOM: 8-stop teleportation journey
  5369 | D:6      | Found a glowing drain.
  5382 | Sewer    | Entered a sewer
  5435 | Sewer    | Got an ivory war axe
  5504 | Sewer    | Noticed Purgy
  5510 | Sewer    | XOM: cast spell 'Summon Horrible Things'
  5520 | Sewer    | Killed Purgy
  5520 | Sewer    | Reached skill level 10 in Polearms
  5718 | D:6      | XOM: chaos upgrade
  5875 | D:6      | XOM: 1-stop teleportation journey
  5879 | D:6      | XOM: scenery: create altars
  5886 | D:6      | Reached XP level 9. HP: 57/70 MP: 9/9
  5894 | D:6      | XOM: scenery: create altars
  5939 | D:6      | Reached skill level 11 in Polearms
  5970 | D:6      | Noticed Eustachio
  5984 | D:6      | Noticed Eustachio
  5984 | D:6      | Eustachio changed into Eustachio the jelly
  5984 | D:6      | XOM: polymorph Eustachio -> Eustachio the jelly
  5985 | D:6      | Killed Eustachio the jelly
  6050 | D:6      | XOM: give mutations
  6050 | D:6      | Gained mutation: You have an increased reservoir of magic.
                  | (+10% MP) [Xom's grace]
  6050 | D:6      | Gained mutation: Your system is resistant to poisons.
                  | (rPois) [Xom's grace]
  6050 | D:6      | Gained mutation: You possess an exceptional clarity of
                  | mind. [Xom's grace]
  6050 | D:6      | Gained mutation: You are agile. (Dex +2) [Xom's grace]
  6239 | D:7      | XOM: give mutations
  6239 | D:7      | Lost mutation: You are agile. (Dex +2) [Xom's mischief]
  6239 | D:7      | Gained mutation: You are very dopey. (Int -4) [Xom's
                  | mischief]
  6239 | D:7      | Gained mutation: You are agile. (Dex +2) [Xom's mischief]
  6239 | D:7      | Lost mutation: You are agile. (Dex +2) [Xom's mischief]
  6251 | D:7      | XOM: give mutations
  6251 | D:7      | Gained mutation: You are partially covered in thin metallic
                  | scales. (AC +2) [Xom's grace]
  6251 | D:7      | Gained mutation: You have a considerably increased
                  | reservoir of magic. (+20% MP) [Xom's grace]
  6251 | D:7      | Gained mutation: You are agile. (Dex +2) [Xom's grace]
  6255 | D:7      | XOM: noise
  6269 | D:7      | XOM: scenery: create altars
  6277 | D:7      | Identified the +8 chain mail "Cemegoja" {rPois rC+ rN+
                  | Regen+}
  6290 | D:7      | XOM: smoke on damage
  6340 | D:7      | Noticed a cyclops
  6366 | D:7      | XOM: confuse monster(s)
  6370 | D:7      | Killed a cyclops
  6370 | D:7      | Reached skill level 12 in Polearms
  6491 | D:7      | Found a staircase to the Ecumenical Temple.
  6491 | D:7      | XOM: polymorph bullfrog -> iguana
  6500 | D:7      | XOM: summons 2 friendly demons
  6505 | D:7      | XOM: divination: detect creatures
  6551 | D:7      | Paralysed by a centaur for 3 turns
  6566 | D:7      | Reached skill level 13 in Polearms
  6572 | D:7      | Reached skill level 5 in Shields
  6618 | Temple   | Entered the Ecumenical Temple
  6775 | D:7      | Found a shadowy altar of Dithmenos.
  6776 | D:7      | Found a sparkling altar of Nemelex Xobeh.
  6779 | D:7      | Found a bloodstained altar of Trog.
  7145 | D:7      | XOM: god gift: 31 gold pieces
  7242 | D:8      | XOM: fog
  7250 | D:8      | Reached XP level 10. HP: 74/77 MP: 12/12
  7265 | D:8      | Found a hazy altar of Hepliaklqana.
  7277 | D:8      | Noticed Prince Ribbit
  7286 | D:8      | XOM: enchant monster (good)
  7297 | D:8      | XOM: fog
  7306 | D:8      | XOM: confuse monster(s)
  7309 | D:8      | Killed Prince Ribbit
  7314 | D:8      | Reached skill level 14 in Polearms
  7359 | D:8      | XOM: confuse monster(s)
  7365 | D:8      | XOM: fog
  7372 | D:8      | XOM: medium Hex miscast
  7381 | D:8      | XOM: give mutations
  7381 | D:8      | Gained mutation: You are very agile. (Dex +4) [Xom's grace]
  7381 | D:8      | Gained mutation: You are partially covered in yellow
                  | scales. (AC +2) [Xom's grace]
  7381 | D:8      | Gained mutation: Your muscles are strong. (Str +2) [Xom's
                  | grace]
  7381 | D:8      | Gained mutation: You evolve. [Xom's grace]
  7618 | D:8      | XOM: confuse monster(s)
  7664 | D:8      | Identified the +8 war axe of the Everdark {flame, rPois rF+
                  | rC++} (You found it in a sewer)
  7858 | D:9      | Noticed a two-headed ogre
  7864 | D:9      | XOM: scenery: create altars
  7878 | D:9      | Killed a two-headed ogre
  7898 | D:9      | Found a hide-covered altar of Uskayaw.
  7902 | D:9      | Noticed a +0 hand axe
  7902 | D:9      | Noticed a +0 dagger
  7925 | D:9      | Killed a +0 dagger
  7933 | D:9      | Killed a +0 hand axe
  7990 | D:9      | XOM: summons 2 hostile demons
  8009 | D:9      | Reached XP level 11. HP: 72/85 MP: 13/13
  8053 | D:9      | Found a flagged portal.
  8064 | Bailey   | Entered a bailey
  8304 | Bailey   | XOM: mild Erth miscast
  8314 | Bailey   | XOM: torment (47/85 hp)
  8422 | Bailey   | XOM: blink monster(s)
  8457 | Bailey   | XOM: summons 5 hostile demons
  8485 | Bailey   | XOM: draining
  8490 | Bailey   | XOM: noise
  8517 | Bailey   | XOM: blink monster(s)
  8549 | Bailey   | XOM: swap monsters
  8561 | Bailey   | XOM: fog
  8608 | Bailey   | XOM: swap monsters
  8653 | Bailey   | XOM: smoke on damage
  8660 | Bailey   | XOM: harmless Tloc miscast
  8670 | Bailey   | HP: 3/89 [centaur/javelin of returning (5)]
  8811 | Bailey   | XOM: summons 4 friendly demons
  9039 | D:9      | Lost mutation: Scrolls take you a little longer to read.
                  | [evolution]
  9082 | D:9      | XOM: cast spell 'Alistair's Intoxication'
  9120 | D:9      | XOM: cast spell 'Summon Ice Beast'
  9145 | D:9      | XOM: cast spell 'Shadow Creatures'
  9154 | D:9      | XOM: harmless Tloc miscast
  9173 | D:9      | Slain by a vampire mosquito

Skill      XL: |  1  2  3  4  5  6  7  8  9 10 11 |
---------------+----------------------------------+-----
Polearms       | 5 6 7 8 10 13 14 | 14.4
Stealth        | 1 2 3 4 |  4.0
Dodging        | 3 4 5 6 7 8 |  8.7
Fighting       | 4 5 6 7 8 9 |  9.2
Shields        | 2 5 8 9 |  9.4
Armour         | |  0.6

Action                   |  1- 3 |  4- 6 |  7- 9 | 10-12 || total
-------------------------+-------+-------+-------+-------++-------
Melee: Spear             |   119 |   142 |   548 |    30 ||   839
       Tailslap          |       |       |     7 |    34 ||    41
       Trident           |       |       |       |   475 ||   475
       War axe           |       |       |       |    22 ||    22
Evoke: Wand              |       |       |     2 |     1 ||     3
  Use: Scroll            |     7 |     5 |     3 |     1 ||    16
       Potion            |       |     2 |       |     6 ||     8
 Stab: Confused          |     1 |       |     6 |     8 ||    15
       Paralysed         |     2 |       |    11 |       ||    13
       Sleeping          |       |     1 |     8 |     3 ||    12
       Petrified         |       |       |     2 |       ||     2
       Petrifying        |       |       |     5 |     2 ||     7
       Distracted        |       |       |     2 |       ||     2
  Eat: Chunk             |       |     6 |     9 |     7 ||    22
       Ration            |       |       |     1 |     3 ||     4
Armor: Leather armour    |    30 |    41 |    87 |    19 ||   177
       Chain mail        |       |       |       |   116 ||   116
       Skin              |       |       |       |    10 ||    10
       Robe              |       |       |       |     4 ||     4
Dodge: Dodged            |    54 |    53 |   293 |   468 ||   868
